Map: Thunderbird LE

Players

TSUK - Winner!

  • Race: Terran Terran
  • League: Diamond
  • Spawn Location: 5:00

PeLLy

  • Race: Zerg Zerg
  • League: Diamond
  • Spawn Location: 11:00

VOD

Have the link to the VOD?

Description

Time

  • Played on: Aug. 18, 2019, 11:45 a.m.
  • Length: 12:17
Show
View Real Time Build Order
Export as new Build Order

TSUK Terran - Winner!

Build Orders:  

Get SALT Encoding   

  12  0:01  SCV  
  13  0:13  SCV  
  14  0:19  Supply Depot  
  14  0:25  SCV  
  15  0:41  SCV  
  15  0:42  Barracks  
  16  0:46  Refinery  
  16  0:53  SCV  
  17  1:05  SCV  
  18  1:17  SCV  
  19  1:29  SCV, Reaper  
  21  1:34  Command Center  
  21  1:44  Orbital Command  
  21  1:52  Supply Depot  
  21  2:01  Bunker  
  21  2:04  Marine  
  22  2:12  Refinery  
  22  2:13  SCV  
  23  2:22  Factory  
  23  2:25  Marine  
  24  2:41  Refinery, SCV  
  24  2:43  Marine  
  26  2:53  SCV  
  27  3:00  Marine  
  27  3:03  Supply Depot  
  27  3:04  Supply Depot  
  28  3:07  Orbital Command  
  28  3:18  Marine  
  29  3:27  Factory Reactor  
  29  3:30  SCV  
  29  3:32  Starport  
  30  3:35  SCV  
  31  3:42  SCV  
  31  3:47  Starport, SCV  
  33  3:59  SCV x2  
  35  4:03  Hellion  
  35  4:05  Hellion  
  39  4:14  Fusion Core  
  39  4:22  Starport Tech Lab  
  39  4:26  SCV x2  
  39  4:27  Hellion  
  39  4:28  Starport Tech Lab  
  39  4:30  Hellion  
  45  4:38  SCV  
  46  4:48  Hellion  
  46  4:50  Supply Depot  
  46  4:51  Hellion  
  50  4:53  Supply Depot  
  50  5:13  Battlecruiser  
  56  5:27  SCV x2  
  58  5:36  Battlecruiser  
  64  5:49  Weapon Refit  
  64  5:54  Starport  
  64  6:05  SCV x2  
  64  6:06  Widow Mine x2  
  70  6:13  Supply Depot  
  70  6:14  Supply Depot x2  
  70  6:18  Battlecruiser  
  76  6:30  Starport Tech Lab  
  76  6:35  Widow Mine x2  
  76  6:37  SCV x2  
  76  6:38  Refinery  
  74  6:53  Battlecruiser  
  60  7:23  Battlecruiser  
  40  8:26  Battlecruiser  
  46  8:50  Orbital Command  
  46  9:08  SCV  
  47  9:20  SCV  
  47  9:24  Battlecruiser  
  54  9:33  SCV  
  55  9:45  SCV  
  56  9:57  SCV  
  57  10:22  SCV x2  
  59  10:34  SCV x2  
  61  10:45  Battlecruiser  
  61  10:46  SCV x2  
  69  10:58  SCV  
  76  11:44  Refinery  
Show
View Real Time Build Order
Export as new Build Order

PeLLy Zerg 

Build Orders: Hatch First 

Get SALT Encoding   

  12  0:00  Drone  
  13  0:14  Overlord  
  13  0:25  Overlord  
  13  0:28  Drone  
  15  0:35  Drone  
  15  0:38  Drone  
  16  1:02  Hatchery  
  15  1:05  Drone x2  
  17  1:12  Drone  
  18  1:20  Spawning Pool  
  17  1:25  Drone  
  17  1:27  Extractor  
  17  1:30  Drone  
  18  1:45  Drone  
  19  1:53  Overlord  
  19  2:12  Drone  
  19  2:15  Queen x2  
  22  2:16  Zergling x4  
  26  2:24  Zergling x2  
  26  2:26  Drone  
  27  2:51  Drone x4  
  31  3:06  Lair  
  31  3:07  Metabolic Boost  
  31  3:11  Hatchery  
  31  3:27  Drone x9  
  39  3:50  Drone  
  39  3:51  Drone x3  
  39  3:55  Overlord x2  
  43  4:01  Drone  
  44  4:03  Overlord x2  
  44  4:06  Extractor  
  44  4:07  Extractor, Queen  
  44  4:26  Drone x7  
  51  4:34  Queen  
  51  4:37  Spore Crawler  
  52  4:39  Drone x3  
  52  4:41  Spore Crawler  
  52  4:43  Queen  
  56  4:48  Evolution Chamber  
  55  4:54  Evolution Chamber  
  55  4:57  Roach Warren  
  53  5:14  Infestation Pit  
  53  5:17  Zergling x12  
  53  5:18  Zergling x2  
  53  5:19  Pneumatized Carapace  
  59  5:24  Baneling Nest  
  57  5:49  Roach x2  
  73  5:50  Roach x11  
  73  5:53  Overlord  
  73  5:55  Overlord  
  81  6:06  Drone  
  81  6:09  Extractor, Overlord x3  
  81  6:14  Ravager x5  
  81  6:15  Ravager  
  81  6:17  Roach  
  89  6:25  Glial Reconstitution  
  89  6:50  Drone x11  
  89  6:51  Drone x3  
  80  7:24  Queen x3  
  80  7:28  Spore Crawler  
  80  7:29  Spore Crawler  
  83  7:31  Spore Crawler  
  83  7:35  Hatchery  
  67  7:59  Queen  
  67  8:00  Queen  
  67  8:03  Spore Crawler  
  54  8:27  Spore Crawler x2  
  54  8:30  Spore Crawler  
  54  8:31  Spore Crawler  
  54  8:33  Spire  
  47  8:35  Queen x2  
  22  9:52  Spawning Pool  
  21  9:54  Extractor  
  4  10:31  Spawning Pool  
  3  11:10  Hatchery  
Tags
 
Add a new tag
Caveats
  • Supply blocks, unpowered buildings, or Contaminate may cause inaccurate times.
  • Supply counts are checked every 10 seconds.